 Dungeon Crawl Stone Soup version 0.20-a0-899-g09a9bfb (webtiles) character file.

39 4thArraOfDagon the Skirmisher (level 3, -3/29 HPs)
             Began as a Mummy Abyssal Knight on Mar 18, 2017.
             Was a Follower of Lugonu.
             Slain by an orc
             ... wielding a +0 hand axe
              (7 damage)
             ... on level 2 of the Dungeon.
             The game lasted 00:01:59 (360 turns).

4thArraOfDagon the Skirmisher (Mummy Abyssal Knight) Turns: 360, Time: 00:02:00

Health: -3/29      AC:  3    Str: 15    XL:     3   Next: 28%
Magic:  4/4        EV: 11    Int: 12    God:    Lugonu [*.....]
Gold:   9          SH:  0    Dex: 11    Spells: 2/2 levels left

rFire    x . .     SeeInvis .   d - +0 short sword (venom)
rCold    + . .     Gourm    .   b - +0 leather armour
rNeg     + + +     Faith    .   (no shield)
rPois    ∞         Spirit   .   (no helmet)
rElec    .         Reflect  .   (no cloak)
rCorr    .         Harm     .   (no gloves)
MR       .....                  (no boots)
Stlth    +.........             (no amulet)
Regen    0.1/turn               (no ring)
MPRegen  0.1/turn               (no ring)

@: no status effects
A: no food or potions, fire vulnerability, cold resistance 1, negative energy
resistance 3, torment resistance, unbreathing
a: Depart the Abyss, Renounce Religion


You were on level 2 of the Dungeon.
You worshipped Lugonu.
Lugonu was aware of your devotion.
You were not hungry.

You visited 1 branch of the dungeon, and saw 3 of its levels.
You visited the Abyss 1 time.

You collected 9 gold pieces.

Inventory:

Hand Weapons
 a - a +1 falchion
 d - a +0 short sword of venom (weapon)
Armour
 b - a +0 leather armour (worn)


   Skills:
 - Level 3.0 Fighting
 * Level 2.1 Long Blades
 + Level 1.9 Armour
 + Level 1.5 Dodging
 + Level 2.0 Invocations


You had 2 spell levels left.
You didn't know any spells.

Dungeon Overview and Level Annotations

Branches:
Dungeon (3/15)

Altars:


Innate Abilities, Weirdness & Mutations

You do not eat or drink.
Your flesh is vulnerable to fire.
You are immune to poison.
Your flesh is cold resistant. (rC+)
You are immune to negative energy. (rN+++)
You are immune to unholy pain and torment.
You can survive without breathing.


Message History

The orc hits you but does no damage.
Unknown command.
The worm bites you!
* * * LOW HITPOINT WARNING * * *
Unknown command.
Unknown command.
Throwing (i - inventory):
e - a throwing net (quivered)
Press: ? - help, Shift-Dir - straight line, f - worm
Aim: a worm You throw a throwing net.
The throwing net barely misses the worm.
Unknown command.
You hit the worm.
The worm is moderately wounded.
The orc misses you. The worm bites you.
* * * LOW HITPOINT WARNING * * *
You hit the worm but do no damage.
The worm is poisoned.
The worm is lightly wounded.
The orc hits you with a hand axe!
You die...

#.#####.#
#.#.....#.#
#.#...#.#.#
#.#.#r#.#.#
#.#.#.#.#o#
#.#o#{#.#o#
##.#.#.#.#r#
#......#.#o#
#........#@#
#.....##.#w#
#######........#.#
..........>.####(.
##..........# ###
.#.####.....#
.#.## #.....#
....# ####.##
....# #.#


You could see a worm, an orc wizard, 2 orcs and a rat.

Vanquished Creatures
  3 gnolls (D:2)
  A dart slug (D:2)
  2 goblins (D:2)
  A hobgoblin (D:2)
  3 kobolds (D:2)
  A rat (D:2)
11 creatures vanquished.

Notes
Turn   | Place    | Note
-------+----------+-------------------------------------------
     0 | Abyss:1  | 4thArraOfDagon the Mummy Abyssal Knight began the quest for the Orb.
     0 | Abyss:1  | Reached XP level 1. HP: 18/18 MP: 2/2
    49 | Abyss:1  | Noticed a revenant
    64 | Abyss:1  | Noticed a spectral golden dragon
    64 | Abyss:1  | Noticed a spectral wolf spider
    67 | D:1      | Escaped the Abyss
    94 | D:2      | Reached * piety under Lugonu
   118 | D:2      | Reached skill level 1 in Dodging
   131 | D:3      | Noticed an orc wizard
   131 | D:3      | Noticed an orc wizard
   179 | D:2      | Reached XP level 2. HP: 17/24 MP: 3/3
   245 | D:2      | Reached XP level 3. HP: 19/29 MP: 4/4
   360 | D:2      | Slain by an orc

Vault maps used:
D:1:      minmay_arrival_floating_metal
D:2:      grunt_ministairs_11, nicolae_ru_path_of_blood
D:3:      first_bread
Abyss:1:  minivault_1

Skill      XL: |  1  2 |
---------------+-------+-----
Dodging        | 1 |  1.5
Long Blades    | 2 |  2.1
Invocations    | 2 |  2.0
Fighting       | |  3.0
Armour         | |  1.9

Action                   || total
-------------------------++-------
Melee: Falchion          ||    24
       Short sword       ||    16
Throw: Throwing net      ||     2
Invok: Depart the Abyss  ||     1
  Use: Scroll            ||     1
Armor: Leather armour    ||     9
Dodge: Dodged            ||    25
       Rpst.: Falchion   ||     5
